 Dungeon Crawl Stone Soup version 0.24-a0-269-g32ec7ca (webtiles) character file.

Game seed: 15933122582486712833

46 silenth the Cudgeler (level 3, -7/28 HPs)
             Began as a Demonspawn Gladiator on Apr 23, 2019.
             Mangled by a gnoll
             ... wielding a cursed -1 halberd
              (16 damage)
             ... on level 2 of the Dungeon.
             The game lasted 00:01:38 (1318 turns).

silenth the Cudgeler (Demonspawn Gladiator)         Turns: 1318, Time: 00:01:39

Health: -7/28      AC:  3    Str: 19    XL:     3   Next: 44%
Magic:  3/3        EV: 12    Int: 10    God:
Gold:   30         SH:  0    Dex: 14    Spells: 2/2 levels left

rFire    . . .     SeeInvis .   n - +0 morningstar (curse)
rCold    . . .     Gourm    .   (no shield)
rNeg     . . .     Faith    .   b - +0 leather armour
rPois    .         Spirit   .   (helmet restricted)
rElec    .         Reflect  .   (no cloak)
rCorr    .         Harm     .   (no gloves)
MR       +....                  (no boots)
Stlth    ..........             (no amulet)
HPRegen  0.09/turn              h - ring of protection from magic
MPRegen  0.08/turn              o - ring of attention (curse)

@: mighty
A: antennae 2
a: no special abilities


You were on level 2 of the Dungeon.
You were not hungry.

You visited 1 branch of the dungeon, and saw 2 of its levels.

You collected 30 gold pieces.

Inventory:

Hand Weapons
 a - a +2 mace of protection
 g - a +0 flail
 n - a cursed +0 morningstar (weapon)
Missiles
 d - 3 throwing nets (quivered)
Armour
 b - a +0 leather armour (worn)
 c - a +0 helmet
Jewellery
 h - a ring of protection from magic (left hand)
 k - an uncursed ring of protection from magic
 o - a cursed ring of attention (right hand)
Scrolls
 i - 2 scrolls of identify
Potions
 f - 4 potions of lignification
 m - a potion of cancellation
Comestibles
 e - 2 rations


   Skills:
 + Level 2.7 Fighting
 * Level 3.7 Maces & Flails
 - Level 1.7 Throwing
 - Level 2.6 Dodging


You had 2 spell levels left.
You didn't know any spells.
Your spell library was empty.

Dungeon Overview and Level Annotations

Branches:
Dungeon (2/15)

Altars:


Innate Abilities, Weirdness & Mutations

You have a pair of antennae on your head.


Message History

The gnoll closely misses you. The jackal bites you.
Your magical contamination has completely faded away.
You feel very mighty all of a sudden.
The jackal bites you but does no damage.
You closely miss the jackal. The jackal misses you. x2
The jackal bites you but does no damage.
The gnoll hits you from afar with a cursed -1 halberd.
You thump the jackal!
You kill the jackal!
The jackal bites you but does no damage. x2
The gnoll barely misses you. The gnoll closely misses you.
The jackal bites you but does no damage.
You impale the jackal!!
You kill the jackal!
The gnoll hits you from afar with a cursed -1 halberd!
The gnoll hits you from afar with a cursed -1 halberd!
Ouch! That really hurt!
You die...

#.##.##.##.#.#####
#..........#.#
#†##.#..######
#.......#...#
####...P#...#
##..†'...#
##gP#'#+# #..#$#
#.@### .
######...####.#
#............(..
....<.........).
#...............
#######...######
#...# #...# ###
#...#


You could see a gnoll.

Vanquished Creatures
  An adder (D:2)
  An ooze (D:1)
  A leopard gecko (D:1)
  2 giant cockroaches (D:1)
  A goblin (D:1)
  A hobgoblin (D:1)
  7 jackals
  7 bats
  A frilled lizard (D:1)
  5 kobolds
  5 rats (D:1)
32 creatures vanquished.

Notes
Turn   | Place    | Note
-------+----------+-------------------------------------------
     0 | D:1      | silenth the Demonspawn Gladiator began the quest for the
                  | Orb.
     0 | D:1      | Reached XP level 1. HP: 16/16 MP: 1/1
    32 | D:1      | Reached skill level 3 in Maces & Flails
    36 | D:1      | Gained mutation: You have a pair of small antennae on your
                  | head. [demonic ancestry]
    36 | D:1      | Reached XP level 2. HP: 19/22 MP: 2/2
   821 | D:1      | Gained mutation: You have a pair of antennae on your head.
                  | [demonic ancestry]
   821 | D:1      | Reached XP level 3. HP: 27/28 MP: 3/3
  1318 | D:2      | Mangled by a gnoll

Levels and vault maps discovered:
D:1:      saegor_arrival_miasma, layout_loops_ring
D:2:      layout_loops_cross, nicolae_ru_great_annihilating_truth,
          cheibrodos_gnoll_hut

Skill      XL: |  1 |
---------------+----+-----
Maces & Flails | 3 |  3.7
Fighting       | |  2.7
Throwing       | |  1.7
Dodging        | |  2.6

Action                   || total
-------------------------++-------
Melee: Flail             ||    46
       Mace              ||    49
       Morningstar       ||     7
  Use: Potion            ||     2
       Scroll            ||     3
  Eat: Chunk             ||     1
Armor: Leather armour    ||    62
       Skin              ||     7
Dodge: Dodged            ||   105

Table legend:
 A = Non-vault XP
 B = Vault XP
 C = Vault XP percentage of total XP
 D = Non-vault monster count
 E = Vault monster count
 F = Vault count percentage of total count
                 A         B        C        D         E       F
            +---------+---------+-------+---------+---------+-------
      Total |      62 |       4 |   6.1 |      30 |       2 |   6.2
            +---------+---------+-------+---------+---------+-------
        D:1 |      43 |       0 |   0.0 |      25 |       0 |   0.0
        D:2 |      19 |       4 |  17.4 |       5 |       2 |  28.6
            +---------+---------+-------+---------+---------+-------
